 Dungeon Crawl Stone Soup version 0.22-a0-282-gdd34a7d (webtiles) character file.

238 johns the Shooter (level 5, 0/45 HPs)
             Began as a Centaur Hunter on Mar 18, 2018.
             Slain by a big kobold (4 damage)
             ... in a sewer.
             The game lasted 00:06:19 (2518 turns).

johns the Shooter (Centaur Hunter)                  Turns: 2518, Time: 00:06:20

Health: 0/45       AC:  4    Str: 18 (19) XL:     5   Next: 78%
Magic:  5/5        EV:  9    Int:  8 (10) God:
Gold:   114        SH:  0    Dex: 10 (11) Spells: 4/4 levels left

rFire    . . .     SeeInvis .   b - +3 halberd
rCold    . . .     Gourm    .   (shield currently unavailable)
rNeg     . . .     Faith    .   c - +0 leather armour
rPois    .         Spirit   .   (no helmet)
rElec    .         Reflect  .   (no cloak)
rCorr    +         Harm     .   (no gloves)
MR       .....     Rnd*Tele +   (no barding)
Stlth    +.........             (no amulet)
HPRegen  0.15/turn              j - ring of resist corrosion
MPRegen  0.09/turn              x - ring of teleportation

@: mighty, very quick
A: large, hooves 3, deformed body, speed 2, tough skin 3
a: no special abilities


You were in a sewer.
You were very hungry.

You visited 1 branch of the dungeon, and saw 3 of its levels.
You also visited: Sewer.

You collected 114 gold pieces.

Inventory:

Hand Weapons
 a - a +1 shortbow
 b - a +3 halberd (weapon)
 o - a +0 short sword
 q - a +0 spear
 s - a -3 halberd
Missiles
 d - 83 arrows
Armour
 c - a +0 leather armour (worn)
Jewellery
 j - a ring of resist corrosion (left hand)
 l - an uncursed ring of fire
 x - a ring of teleportation (right hand)
Scrolls
 h - a scroll of magic mapping
 i - a scroll of remove curse
 m - 2 scrolls of identify
 p - a scroll of amnesia
Potions
 k - 2 potions of agility
Comestibles
 f - 4 rations


   Skills:
 * Level 3.6 Fighting
 - Level 1.0 Short Blades
 * Level 2.5 Polearms
 + Level 7.0 Bows
 - Level 1.3 Dodging
 - Level 0.4 Stealth


You had 4 spell levels left.
You didn't know any spells.

Dungeon Overview and Level Annotations

Branches:
Dungeon (3/15)

Altars:


Innate Abilities, Weirdness & Mutations

You have hooves in place of feet.
Armour fits poorly on your strangely shaped body.
You cover ground very quickly.
You have extremely tough skin. (AC +3)


Message History

You are feeling very hungry.
You hit the big kobold.
The big kobold is moderately wounded.
The big kobold hits you but does no damage. x2
You hit the big kobold but do no damage.
The big kobold is moderately wounded.
The big kobold hits you.
* * * LOW HITPOINT WARNING * * *
You closely miss the big kobold. You kick the big kobold!
The big kobold is heavily wounded.
The big kobold hits you.
* * * LOW HITPOINT WARNING * * *
It was a potion of might.
You feel very mighty all of a sudden. The big kobold hits you.
* * * LOW HITPOINT WARNING * * *
You hit the big kobold.
The big kobold is severely wounded.
The big kobold barely misses you. The big kobold hits you.
You die...

##......≈≈≈≈≈≈
#..(†.≈≈≈≈S..
##..†.S.≈≈≈..
##(....≈≈≈≈..
##(......≈≈≈≈.
##.(......≈≈≈≈.
#..#.......≈≈≈.
#K###(....≈≈≈≈.
#@###S....≈≈≈≈.
####.S....≈≈≈≈.
##......≈≈≈≈
#.....≈≈≈≈≈
##.†.....≈≈≈
#...K..≈≈≈≈≈
#..K....≈≈≈≈
#......≈≈≈≈≈
##.....≈≈≈≈≈≈


You could see a big kobold.

Vanquished Creatures
  A big kobold (Sewer)
  5 gnolls
  4 adders
  A river rat (Sewer)
  An ooze (D:2)
  A worm (D:2)
  A dart slug (D:2)
  3 leopard geckos
  3 ball pythons
  3 giant cockroaches
  5 goblins
  6 hobgoblins
  4 jackals (D:1)
  11 kobolds
  A quokka (D:2)
  6 bats
  2 frilled lizards (D:2)
  10 rats
68 creatures vanquished.

Notes
Turn   | Place    | Note
-------+----------+-------------------------------------------
     0 | D:1      | johns the Centaur Hunter began the quest for the Orb.
     0 | D:1      | Reached XP level 1. HP: 17/17 MP: 1/1
     0 | D:1      | Noticed a formicid
     0 | D:1      | Noticed a centaur
     2 | D:1      | Noticed a formicid
     6 | D:1      | Noticed an elf
     7 | D:1      | Noticed a formicid
     8 | D:1      | Noticed a troll
     9 | D:1      | Noticed a centaur
    12 | D:1      | Noticed an ogre
    14 | D:1      | Noticed a draconian
    14 | D:1      | Noticed a naga
    17 | D:1      | Noticed an elf
    17 | D:1      | Noticed a troll
    19 | D:1      | Noticed a minotaur
    19 | D:1      | Noticed a felid
    19 | D:1      | Noticed a formicid
    21 | D:1      | Noticed a spriggan
    21 | D:1      | Noticed a formicid
    23 | D:1      | Noticed a vine stalker
   368 | D:1      | Reached XP level 2. HP: 24/24 MP: 2/2
   579 | D:1      | Reached skill level 6 in Bows
   774 | D:1      | Reached XP level 3. HP: 20/29 MP: 3/3
   973 | D:1      | Reached skill level 1 in Short Blades
  1446 | D:2      | Reached XP level 4. HP: 37/37 MP: 4/4
  1830 | D:2      | Reached skill level 1 in Polearms
  2245 | D:3      | Found a glowing drain.
  2296 | Sewer    | Entered a sewer
  2326 | Sewer    | Reached XP level 5. HP: 45/45 MP: 5/5
  2435 | Sewer    | Reached skill level 7 in Bows
  2518 | Sewer    | Slain by a big kobold

Vault maps used:
D:1:      shiori_arrival_whats_in_store_for_you
D:2:      first_ration
D:3:      portal_sewer_entry_a
Sewer:    sewer_minmay_treatment

Skill      XL: |  1  2  3  4  5 |
---------------+----------------+-----
Bows           | 6 7 |  7.0
Short Blades   | 1 |  1.0
Fighting       | 3 |  3.6
Polearms       | 1 2 |  2.5
Dodging        | |  1.3
Stealth        | |  0.4

Action                   |  1- 3 |  4- 6 || total
-------------------------+-------+-------++-------
Melee: Short sword       |    72 |       ||    72
       Kick              |    14 |     7 ||    21
       Spear             |    21 |     6 ||    27
       Halberd           |       |    85 ||    85
 Fire: Shortbow          |    32 |    27 ||    59
  Use: Scroll            |       |     9 ||     9
       Potion            |       |     9 ||     9
  Eat: Chunk             |     1 |     2 ||     3
Armor: Leather armour    |    32 |    27 ||    59
       Skin              |       |     7 ||     7
Dodge: Dodged            |    43 |    51 ||    94

Table legend:
 A = Spawn XP
 B = Non-spawn XP
 C = Spawn XP percentage of total XP
 D = Spawn monster count
 E = Non-spawn monster count
 F = Spawn count percentage of total count
 G = Total turns spent on level
                    A         B        C        D         E        F      G
               +---------+---------+-------+---------+---------+-------+---------
         Total |       0 |     340 |   0.0 |       0 |      68 |   0.0 |  2518
               +---------+---------+-------+---------+---------+-------+---------
           D:1 |       0 |      57 |   0.0 |       0 |      25 |   0.0 |  1077
           D:2 |       0 |     126 |   0.0 |       0 |      23 |   0.0 |  1128
           D:3 |       0 |       5 |   0.0 |       0 |       4 |   0.0 |    91
         Sewer |       0 |     152 |   0.0 |       0 |      16 |   0.0 |   222
               +---------+---------+-------+---------+---------+-------+---------
